 Dungeon Crawl Stone Soup version 0.27.1-4-g1640c2035a (webtiles) character file.

Game seed: 2388578886278221185

58 zeram the Caller (level 4, -1/32 HPs)
             Began as a Gnoll Summoner on Nov 14, 2021.
             Slain by a goblin (3 damage)
             ... led by Robin
             ... on level 2 of the Dungeon on Nov 15, 2021.
             The game lasted 00:07:57 (2676 turns).

zeram the Caller (Gnoll Summoner)                   Turns: 2676, Time: 00:07:58

Health: -1/32      AC:  2    Str:  8    XL:     4   Next: 1%
Magic:  9/11       EV: 13    Int: 15    God:
Gold:   111        SH:  0    Dex: 12    Spells: 3/13 levels left

rFire    . . .     SeeInvis .   c - +2 dagger (drain)
rCold    . . .     Faith    .   (no shield)
rNeg     . . .     Spirit   .   a - +0 robe
rPois    .         Reflect  .   (no helmet)
rElec    .         Harm     .   (no cloak)
rCorr    .         Rampage  .   (no gloves)
Will     .....                  (no boots)
Stlth    ++........             (no amulet)
HPRegen  0.10/turn              (no ring)
MPRegen  0.12/turn              (no ring)

@: about to teleport
A: fangs 1, strong nose, distributed training
a: no special abilities


You were on level 2 of the Dungeon.
You visited 1 branch of the dungeon, and saw 2 of its levels.

You collected 111 gold pieces.

Inventory:

Hand Weapons
 c - a +2 dagger of draining (weapon)
Missiles
 b - 7 curare-tipped darts
Armour
 a - a +0 robe (worn)
Potions
 g - a potion of resistance


   Skills:
 + Level 1.0 Fighting
 + Level 1.0 Short Blades
 + Level 1.0 Long Blades
 + Level 1.0 Axes
 + Level 1.0 Maces & Flails
 + Level 1.0 Polearms
 + Level 1.0 Staves
 + Level 1.0 Slings
 + Level 1.0 Bows
 + Level 1.0 Crossbows
 + Level 1.0 Throwing
 + Level 1.0 Armour
 + Level 4.6 Dodging
 + Level 4.2 Stealth
 + Level 1.0 Shields
 + Level 1.0 Unarmed Combat
 + Level 5.0 Spellcasting
 + Level 0.7 Conjurations
 + Level 0.7 Hexes
 + Level 7.1 Summonings
 + Level 0.7 Necromancy
 + Level 0.7 Translocations
 + Level 0.7 Transmutations
 + Level 0.7 Fire Magic
 + Level 0.7 Ice Magic
 + Level 0.7 Air Magic
 + Level 0.7 Earth Magic
 + Level 0.7 Poison Magic
 + Level 1.1 Invocations
 + Level 1.0 Evocations


You had 3 spell levels left.
You knew the following spells:

 Your Spells              Type           Power      Damage    Failure   Level
b - Call Imp              Summ           25%        N/A       1%          2
c - Passwall              Tmut/Erth      5%         N/A       19%         2
d - Swiftness             Air            6%         N/A       34%         3
e - Call Canine Familiar  Summ           25%        N/A       2%          3

Your spell library contained the following spells:

 Spells                   Type           Power      Damage    Failure   Level
 Summon Small Mammal      Summ           100%       N/A       1%          1
 Summon Guardian Golem    Hex/Summ       15%        N/A       10%         3
 Summon Lightning Spire   Summ/Air       15%        N/A       32%         4
 Iskenderun's Battlesphe  Conj           6%         2d6       97%         5
 Invisibility             Hex            3%         N/A       100%        6
 Iron Shot                Conj/Erth      3%         9d2       100%        6
 Spellforged Servitor     Conj/Summ      7%         N/A       100%        7


Dungeon Overview and Level Annotations

Branches:
Dungeon (2/15)

Altars:

Annotations:
D:2 Robin, Sigmund


Innate Abilities, Weirdness & Mutations

You have very sharp teeth.
Your uncanny sense of smell can sniff out nearby items.
Your experience applies equally to all skills.


Message History

The goblin dies!
As you read the scroll labelled MUL XUWU DUI, it crumbles to dust.
It is a scroll of amnesia.
Forget Summon Small Mammal, freeing 1 spell level for a total of 2?
Your memory of Summon Small Mammal unravels.
Robin laughs in a distinctly smug fashion.
As you read the scroll labelled YBLENL ADOPH, it crumbles to dust.
You feel aware of your surroundings.
It was a scroll of magic mapping.
The goblin hits you with a +0 dagger.
* * * LOW HITPOINT WARNING * * *
You swap places.
Your crimson imp barely misses the goblin.
The goblin hits your crimson imp with a +0 dagger.
Robin's bangles clink loudly.
Robin throws the goblin at you!
You see here a +0 club.
As you read the scroll labelled JUDEYLU HUICS, it crumbles to dust.
You feel strangely unstable.
It was a scroll of teleportation.
Your crimson imp hits the goblin.
The goblin hits you with a +0 club.
* * * LOW HITPOINT WARNING * * *
The goblin hits your crimson imp with a +0 dagger.
Okay, then.
You closely miss the goblin.
Your crimson imp closely misses the goblin.
The goblin closely misses you.
The goblin hits your crimson imp with a +0 dagger.
You hit the goblin.
You kill the goblin!
Robin throws the goblin at you!
* * * LOW HITPOINT WARNING * * *
Your crimson imp hits the goblin.
The goblin dies!
The goblin closely misses you.
You have reached level 4!
You feel stronger.
You hit the goblin.
The goblin is heavily wounded.
The goblin no longer looks unusually strong.
The goblin hits you with a +0 club.
You die...

*,**
#.......######
**,*
#.#####......#
**,** #.#
######.#
**,,,* #.#
#.### ♣,,,**
#.# #...5
#..,,* #.#
##### ##g.###*
#.#
#...ggg#####.#
**,,∆#†gg5@g.#
****#########


You could see Robin, 3 hobgoblins, 2 goblins and a friendly crimson imp
(summoned).

Vanquished Creatures
  3 adders (D:2)
  A worm (D:2)
  3 ball pythons
  2 endoplasms (D:1)
  2 giant cockroaches (D:1)
  2 goblins (D:2)
  5 hobgoblins
  3 kobolds (D:1)
  A quokka (D:1)
  A bat (D:2)
  4 frilled lizards
  3 rats (D:1)
30 creatures vanquished.

Vanquished Creatures (collateral kills)
  2 goblins (D:2)
  A frilled lizard (D:2)
3 creatures vanquished.

Vanquished Creatures (others)
  11 plants (D:1)
11 creatures vanquished.

Grand Total: 44 creatures vanquished

Notes
Turn   | Place    | Note
-------+----------+-------------------------------------------
     0 | D:1      | zeram the Gnoll Summoner began the quest for the Orb.
     0 | D:1      | Reached XP level 1. HP: 13/13 MP: 6/6
   157 | D:1      | Reached XP level 2. HP: 19/19 MP: 7/7
  1384 | D:2      | Reached skill level 5 in Spellcasting
  1384 | D:2      | Reached XP level 3. HP: 25/25 MP: 7/9
  1387 | D:2      | Learned a level 2 spell: Call Imp
  1390 | D:2      | Learned a level 2 spell: Passwall
  1394 | D:2      | Learned a level 3 spell: Swiftness
  1593 | D:2      | Reached skill level 1 in Invocations
  1598 | D:2      | Noticed Sigmund
  2412 | D:1      | Learned a level 3 spell: Call Canine Familiar
  2553 | D:2      | Reached skill level 1 in Fighting
  2553 | D:2      | Reached skill level 1 in Short Blades
  2553 | D:2      | Reached skill level 1 in Long Blades
  2553 | D:2      | Reached skill level 1 in Axes
  2553 | D:2      | Reached skill level 1 in Maces & Flails
  2553 | D:2      | Reached skill level 1 in Polearms
  2553 | D:2      | Reached skill level 1 in Staves
  2553 | D:2      | Reached skill level 1 in Slings
  2553 | D:2      | Reached skill level 1 in Bows
  2553 | D:2      | Reached skill level 1 in Crossbows
  2553 | D:2      | Reached skill level 1 in Throwing
  2553 | D:2      | Reached skill level 1 in Armour
  2553 | D:2      | Reached skill level 1 in Shields
  2553 | D:2      | Reached skill level 1 in Unarmed Combat
  2553 | D:2      | Reached skill level 1 in Evocations
  2661 | D:2      | Noticed Robin
  2676 | D:2      | Reached XP level 4. HP: 2/32 MP: 8/11
  2676 | D:2      | Slain by a goblin

Illustrated notes

Levels and vault maps discovered:
D:1:      psy_arrival_terrarium, layout_loops_ring, serial_bayou_lagoon_a
D:2:      layout_loops_ring, serial_rivers, chequers_serial_rivers_micro_a,
          chequers_serial_rivers_micro_e, chequers_serial_rivers_micro_e,
          chequers_serial_rivers_micro_a, chequers_serial_rivers_room_a,
          uniq_crazy_yiuf_cottage, uniq_sigmund, uniq_robin

Skill      XL: |  1  2  3 |
---------------+----------+-----
Spellcasting   | 5 |  5.0
Invocations    | 1 |  1.1
Fighting       | 1 |  1.0
Short Blades   | 1 |  1.0
Long Blades    | 1 |  1.0
Axes           | 1 |  1.0
Maces & Flails | 1 |  1.0
Polearms       | 1 |  1.0
Staves         | 1 |  1.0
Slings         | 1 |  1.0
Bows           | 1 |  1.0
Crossbows      | 1 |  1.0
Throwing       | 1 |  1.0
Armour         | 1 |  1.0
Shields        | 1 |  1.0
Unarmed Combat | 1 |  1.0
Evocations     | 1 |  1.0
Dodging        | |  4.6
Stealth        | |  4.2
Conjurations   | |  0.7
Hexes          | |  0.7
Summonings     | |  7.1
Necromancy     | |  0.7
Translocations | |  0.7
Transmutations | |  0.7
Fire Magic     | |  0.7
Ice Magic      | |  0.7
Air Magic      | |  0.7
Earth Magic    | |  0.7
Poison Magic   | |  0.7

Action                   |  1- 3 |  4- 6 || total
-------------------------+-------+-------++-------
Melee: Dagger            |    76 |     1 ||    77
       Bite              |     6 |       ||     6
       Punch             |     1 |       ||     1
 Cast: Call Imp          |    20 |       ||    20
       Call Canine Famil |     1 |       ||     1
  Use: Scroll            |     6 |       ||     6
 Stab: Sleeping          |     6 |       ||     6
Armor: Robe              |     6 |       ||     6
Dodge: Dodged            |    48 |       ||    48
